 Dungeon Sprint DCSS version 0.19-a0-262-g5df7875 (webtiles) character file.

30765 Kidiri the Severer (level 13, -8/132 HPs)
             Began as a Hill Orc Fighter on May 25, 2016.
             Was the Champion of Beogh.
             Killed from afar by a naga mage (24 damage)
             ... with a poison arrow
             ... in the Dungeon (Sprint IX: "|||||||||||||||||||||||||||||").
             The game lasted 00:15:22 (5092 turns).

Kidiri the Severer (Hill Orc Fighter)               Turns: 5092, Time: 00:15:22

Health: -8/132     AC: 33    Str: 23    XL:     13   Next: 53%
Magic:  22/22      EV: 12    Int:  8    God:    Beogh [******]
Gold:   1780       SH: 24    Dex: 11    Spells: 0 memorised, 12 levels left

rFire  . . .     SeeInvis .     o - +3 war axe (freeze)
rCold  . . .     Gourm    .     c - +3 chain mail
rNeg   . . .     Faith    .     C - +1 large shield
rPois  .         Spirit   .     v - +0 helmet
rElec  .         Dismiss  .     A - +2 cloak
rCorr  .         Reflect  .     p - +0 pair of gloves
SustAt .         Harm     .     a - +1 pair of boots
MR     .....     NoTele   +     (no amulet)
Stlth  ..........               r - +2 ring of protection
                                b - +2 ring of protection

@: lethally poisoned (-8 -> -16), very slightly contaminated, not resistant to
hostile enchantments, extremely unstealthy
A: walk on water
a: Smiting, Recall Orcish Followers, Give Item to Named Follower, Resurrection,
Renounce Religion


You were in the Dungeon.
You worshipped Beogh.
Beogh was exalted by your worship.
You were not hungry.

You visited 1 branch You collected 1855 gold pieces.
You spent 75 gold pieces at shops.

Inventory:

Hand Weapons
 o - a +3 war axe of freezing (weapon)
 z - a +6 vampiric dagger
Missiles
 q - 2 silver tomahawks (quivered)
Armour
 a - a +1 pair of boots (worn)
 c - a +3 chain mail (worn)
 p - a +0 pair of gloves (worn)
 v - a +0 helmet (worn)
 A - a +2 cloak (worn)
 C - a +1 large shield (worn)
Jewellery
 b - a +2 ring of protection (left hand)
 r - a +2 ring of protection (right hand)
 y - an uncursed ring of protection from fire
 B - an uncursed ring of fire
Wands
 n - a wand of acid (7/15)
Scrolls
 k - 4 scrolls of blinking
 l - 6 scrolls of remove curse
 m - 2 scrolls of amnesia
 u - a scroll of fear
 E - a scroll of fog
Potions
 d - a potion of invisibility
 e - a potion of curing
 h - a potion of haste
 i - 4 potions of magic
 s - 2 potions of cure mutation
 t - 2 potions of might
 D - 2 potions of brilliance
Comestibles
 f - 13 bread rations
 g - 5 inedible chunks of flesh
 w - 29 fruits
 x - 12 meat rations


   Skills:
 * Level 17.1 Fighting
 * Level 18.2 Axes
 + Level 9.9 Throwing
 * Level 15.8 Armour
 * Level 12.5 Dodging
 * Level 15.8 Shields
 + Level 13.0 Invocations


You had 12 spell levels left.
You didn't know any spells.

Dungeon Overview and Level Annotations

Branches:
Dungeon (1/1)

Altars:
Cheibriados
Dithmenos
Elyvilon
Fedhas
Gozag
Hepliaklqana
Kikubaaqudgha
Makhleb
Nemelex Xobeh
Okawaru
Pakellas
Qazlal
Ru
Sif Muna
Trog
Ukayaw
Vehumet
Xom
Yredelemnul
Zin
The Shining One
Beogh
Jiyva
Lugonu

Shops:
D (:%?

Annotations:
D Nergalle


Message History

You block the naga mage's attack.
You hit the naga mage. You freeze the naga mage.
The naga mage is moderately wounded.
The naga mage is no longer moving quickly.
The naga mage closely misses you. You block the naga mage's attack.
You hit the naga mage but do no damage.
The naga mage is moderately wounded.
You feel sick. You block the naga mage's attack. You block the naga's attack.
The naga grabs you. The naga constricts you. You block the naga mage's attack.
The naga mage gestures at you while chanting.
You resist with some effort.
Things that are here:
a club; a naga corpse Unknown command.
You escape the naga's grasp.
The naga mage gestures at you while chanting.
The poison arrow hits you!
You are more poisoned.
You die... ▓.o.o.o.ooooooooooo ▓o▓▓▓▓▓▓▓▓▓▓▓▓▓▓▓▓▓ ▓.ooooooooooooooooo

▓▓▓▓▓▓▓▓▓▓▓▓▓▓▓▓▓▓▓
▓.o..o.o...........
▓.▓▓▓▓▓▓▓▓▓▓▓▓▓▓▓▓▓
▓.........'.ooooooo
▓▓▓▓▓▓▓▓▓▓▓▓▓▓▓▓▓▓▓


▓N@.......ooooooooo ▓)▓▓▓▓▓▓▓▓▓▓▓▓▓▓♣♣♣ ▓NN.......)).N..'.N ▓▓▓▓▓▓▓▓▓▓▓▓▓▓▓▓♣♣♣
You could see 2 naga magi.

Vanquished Creatures
  A thorn hunter (D)
  A greater naga (D)
  3 stone giants (D)
  An ettin (D)
  An entropy weaver (D)
  2 hydras (D)
  A rakshasa (D)
  An ice dragon (D)
  A naga warrior (D)
  4 ogre magi (D)
  A centaur warrior (D)
  A death yak (D)
  2 shock serpents (D)
  Nergalle (D)
  Sonja (D)
  5 deep trolls (D)
  A shambling mangrove (D)
  2 hill giants (D)
  A wizard (D)
  2 hornets (D)
  A moth of wrath (D)
  A cyclops (D)
  Maurice (D)
  An ugly thing (D)
  A naga mage (D)
  A black mamba (D)
  2 spiny frogs (D)
  A yaktaur (D)
  2 demonic crawlers (D)
  2 trolls (D)
  2 slime creatures (D)
  A giant leech (D)
  2 yaks (D)
  2 tarantellas (D)
  Grum (D)
  A hippogriff (D)
  2 wargs (D)
  2 water moccasins (D)
  An insubstantial wisp (D)
  A porcupine (D)
  4 hell hounds (D)
  4 orc warriors (D)
  A sky beast (D)
  6 wolves (D)
  An ogre (D)
  5 crocodiles (D)
  3 giant frogs (D)
  A howler monkey (D)
  3 orc wizards (D)
  A hound (D)
  A jelly (D)
  An orc priest (D)
  A worker ant (D)
  2 adders (D)
  4 river rats (D)
  A shadow imp (D)
  A dart slug (D)
  3 orcs (D)
  2 bat skeletons (D)
  A hobgoblin (D)
  2 jackals (D)
  A kobold (D)
  A giant newt (D)
  A jackal skeleton (D)
  A quokka zombie (D)
113 creatures vanquished.

Vanquished Creatures (collateral kills)
  A rakshasa (D)
  3 jumping spiders (D)
  2 orc warriors (D)
  An orc (D)
7 creatures vanquished.

Vanquished Creatures (others)
  Nergalle (D)
  An orc sorcerer (D)
  5 orc knights (D)
  3 orc warriors (D)
  3 orc wizards (D)
  An orc priest (D)
  3 orcs (D)
17 creatures vanquished.

Grand Total: 137 creatures vanquished

Notes
Turn   | Place    | Note
--------------------------------------------------------------
     0 | D        | Kidiri the Hill Orc Fighter began the quest for the Orb.
     0 | D        | Reached XP level 1. HP: 19/19 MP: 1/1
     6 | D        | Reached skill level 3 in Axes
     8 | D        | Reached skill level 1 in Dodging
    10 | D        | Reached XP level 2. HP: 25/27 MP: 2/2
    19 | D        | Noticed a sky beast
    38 | D        | Killed a sky beast
    38 | D        | Reached skill level 5 in Fighting
    38 | D        | Reached skill level 5 in Axes
    38 | D        | Reached skill level 5 in Armour
    38 | D        | Reached skill level 5 in Shields
    38 | D        | Reached XP level 3. HP: 8/37 MP: 3/3
    38 | D        | Reached XP level 4. HP: 10/44 MP: 4/4
    52 | D        | Gained mutation: You are clumsy. (Dex -2) [mutagenic meat]
    53 | D        | Gained mutation: Your flesh is heat resistant. (rF+) [mutagenic meat]
   295 | D        | Found a glowing silver altar of Zin.
   295 | D        | Found a glowing golden altar of the Shining One.
   295 | D        | Found an ancient bone altar of Kikubaaqudgha.
   295 | D        | Found a basalt altar of Yredelemnul.
   295 | D        | Found a shimmering altar of Xom.
   295 | D        | Found a radiant altar of Vehumet.
   296 | D        | Found an iron altar of Okawaru.
   297 | D        | Found a burning altar of Makhleb.
   298 | D        | Found a deep blue altar of Sif Muna.
   299 | D        | Found a bloodstained altar of Trog.
   300 | D        | Found a sparkling altar of Nemelex Xobeh.
   301 | D        | Found a white marble altar of Elyvilon.
   302 | D        | Found a roughly hewn altar of Beogh.
   303 | D        | Found a viscous altar of Jiyva.
   304 | D        | Found a corrupted altar of Lugonu.
   305 | D        | Found a blossoming altar of Fedhas.
   306 | D        | Found a snail-covered altar of Cheibriados.
   307 | D        | Found a shadowy altar of Dithmenos.
   308 | D        | Found a stormy altar of Qazlal.
   309 | D        | Found an opulent altar of Gozag.
   310 | D        | Became a worshipper of Beogh the Brigand
   311 | D        | Found a sacrificial altar of Ru.
   312 | D        | Found an oddly glowing altar of Pakellas.
   313 | D        | Found a hide-covered altar to Ukayaw.
   314 | D        | Found a hazy altar of Hepliaklqana.
   464 | D        | Noticed an orc warrior
   464 | D        | Noticed an ogre
   466 | D        | Killed an orc warrior
   466 | D        | Reached skill level 6 in Axes
   466 | D        | Reached XP level 5. HP: 30/51 MP: 4/6
   472 | D        | Reached skill level 7 in Axes
   472 | D        | Reached XP level 6. HP: 37/60 MP: 4/7
   479 | D        | Reached * piety under Beogh
   486 | D        | Reached ** piety under Beogh
   486 | D        | Reached skill level 8 in Axes
   630 | D        | Noticed a yak
   630 | D        | Noticed a yak
   650 | D        | Killed a yak
   650 | D        | Reached skill level 5 in Dodging
   650 | D        | Reached XP level 7. HP: 58/69 MP: 8/10
   657 | D        | Killed a yak
   657 | D        | Reached *** piety under Beogh
   657 | D        | Reached skill level 9 in Axes
   907 | D        | Lost mutation: Your flesh is heat resistant. (rF+) [potion of cure mutation]
   907 | D        | Lost mutation: You are clumsy. (Dex -2) [potion of cure mutation]
   921 | D        | Noticed a spiny frog
   929 | D        | Reached skill level 5 in Invocations
   937 | D        | Reached XP level 8. HP: 78/78 MP: 10/12
   942 | D        | Reached **** piety under Beogh
   949 | D        | Killed a spiny frog
   949 | D        | Reached skill level 10 in Axes
   962 | D        | Reached ***** piety under Beogh
   962 | D        | Reached skill level 10 in Fighting
  1309 | D        | Noticed a four-headed hydra
  1322 | D        | Killed a five-headed hydra
  1322 | D        | Reached skill level 11 in Axes
  1322 | D        | Reached skill level 5 in Throwing
  1322 | D        | Reached skill level 10 in Armour
  1322 | D        | Reached XP level 9. HP: 66/86 MP: 0/14
  1324 | D        | Reached skill level 10 in Shields
  1339 | D        | Noticed a spiny frog
  1341 | D        | Noticed a death yak
  1347 | D        | Killed a spiny frog
  1347 | D        | Reached skill level 12 in Axes
  1363 | D        | Killed a death yak
  1363 | D        | Reached XP level 10. HP: 51/97 MP: 6/16
  1547 | D        | Reached ****** piety under Beogh
  1547 | D        | Gained Rocco as an ally
  1867 | D        | Noticed Sonja
  1869 | D        | Killed Sonja
  1869 | D        | Reached skill level 13 in Axes
  2091 | D        | Noticed an ettin
  2106 | D        | Killed an ettin
  2492 | D        | Found Daqaunif's Antique Weapon Emporium.
  2492 | D        | Noticed a hill giant
  2492 | D        | Noticed an ogre mage
  2492 | D        | Noticed a hill giant
  2492 | D        | Noticed a stone giant
  2492 | D        | Noticed a deep troll
  2493 | D        | Noticed a deep troll
  2498 | D        | Killed a hill giant
  2498 | D        | Reached XP level 11. HP: 76/107 MP: 16/18
  2502 | D        | Killed an ogre mage
  2511 | D        | Killed a stone giant
  2511 | D        | Reached skill level 14 in Axes
  2512 | D        | Noticed a deep troll
  2517 | D        | Killed a hill giant
  2519 | D        | Noticed an ogre mage
  2530 | D        | Killed a deep troll
  2530 | D        | Reached skill level 10 in Invocations
  2534 | D        | Killed a deep troll
  2537 | D        | Killed a deep troll
  2539 | D        | Found Ogikoze's Book Shoppe.
  2543 | D        | Killed an ogre mage
  2543 | D        | Reached skill level 10 in Dodging
  2556 | D        | Found Maquam's Food Emporium.
  2560 | D        | Found Erosapto's Magic Scroll Shoppe.
  2562 | D        | Noticed an ogre mage
  2563 | D        | Noticed a deep troll
  2565 | D        | Noticed a deep troll
  2573 | D        | Killed an ogre mage
  2573 | D        | Reached skill level 15 in Axes
  2580 | D        | Killed a deep troll
  2583 | D        | Killed a deep troll
  2605 | D        | Bought a scroll of enchant armour for 75 gold pieces
  2775 | D        | Noticed Grum
  2781 | D        | Killed Grum
  2786 | D        | Reached XP level 12. HP: 118/118 MP: 20/20
  2797 | D        | Noticed Maurice
  2801 | D        | Killed Maurice
  2925 | D        | Noticed a centaur warrior
  2942 | D        | Killed a centaur warrior
  2943 | D        | Gained Bogward as an ally
  2951 | D        | Noticed an ice dragon
  2954 | D        | Reached skill level 15 in Fighting
  2954 | D        | Reached skill level 16 in Axes
  2955 | D        | Noticed a rakshasa
  2967 | D        | Killed an ice dragon
  2974 | D        | Killed a rakshasa
  2989 | D        | Noticed a stone giant
  2990 | D        | Noticed a stone giant
  2991 | D        | Noticed a rakshasa
  2993 | D        | Noticed an ogre mage
  2999 | D        | Killed a stone giant
  2999 | D        | Gained Marbaugh as an ally
  3002 | D        | Killed a rakshasa
  3010 | D        | Killed a stone giant
  3015 | D        | Killed an ogre mage
  3442 | D        | Noticed Nergalle
  3445 | D        | Killed Nergalle
  4338 | D        | Got the +7 great sword "Pendulum" {pain, MR+ Str+2 Int-4}
  4540 | D        | Noticed a seven-headed hydra
  4544 | D        | Killed an eight-headed hydra
  4544 | D        | Reached skill level 17 in Axes
  4558 | D        | Noticed a thorn hunter
  4575 | D        | Reached XP level 13. HP: 72/128 MP: 1/22
  4586 | D        | Reached skill level 15 in Armour
  4593 | D        | Killed a thorn hunter
  4593 | D        | Reached skill level 15 in Shields
  4819 | D        | Noticed an entropy weaver
  4823 | D        | Killed an entropy weaver
  4991 | D        | Noticed a greater naga
  4999 | D        | Your ally died
  4999 | D        | Your ally Marbaugh died
  5002 | D        | Your ally Rocco died
  5002 | D        | Your ally Bogward died
  5023 | D        | Killed a greater naga
  5023 | D        | Reached skill level 18 in Axes
  5050 | D        | HP: 4/132 [naga mage/bolt of poison (5)]
  5092 | D        | Killed from afar by a naga mage

Vault maps used:
D:        linesprint

Skill      XL: |  1  2  3  4  5  6  7  8  9 10 11 12 13 |
---------------+----------------------------------------+-----
Axes           | 3 5 6 7 8 9 11 12 13 15 17 18 | 18.2
Dodging        | 1 2 3 5 7 9 10 11 12 | 12.5
Fighting       | 4 5 6 7 8 9 10 11 13 14 16 17 | 17.1
Throwing       | 2 3 4 5 6 8 9 |  9.9
Armour         | 5 6 7 8 10 12 13 14 15 | 15.8
Shields        | 5 6 7 8 9 10 12 13 14 15 | 15.8
Invocations    | 2 4 5 7 8 9 10 12 13 | 13.0

Action                   |  1- 3 |  4- 6 |  7- 9 | 10-12 | 13-15 || total
-------------------------+-------+-------+-------+-------+-------++-------
Melee: War axe           |    24 |    49 |   104 |   233 |   100 ||   510
Invok: Smiting           |       |       |     4 |    30 |     5 ||    39
       Resurrection      |       |       |       |     3 |       ||     3
       Give Item to Name |       |       |       |       |     2 ||     2
  Use: Potion            |     2 |       |     2 |     6 |     7 ||    17
       Scroll            |       |       |       |     2 |     2 ||     4
 Stab: Distracted        |       |       |       |     1 |       ||     1
  Eat: Chunk             |       |     2 |     1 |     2 |     2 ||     7
       Fruit             |       |       |       |    11 |       ||    11
Armor: Scale mail        |     8 |    14 |       |       |       ||    22
       Plate armour      |       |    12 |    42 |    49 |       ||   103
       Chain mail        |       |       |       |    20 |    26 ||    46
Dodge: Dodged            |     3 |    12 |    14 |    52 |    21 ||   102
Block: Shield            |    10 |    27 |    40 |    89 |       ||   166
       Large shield      |       |       |       |    76 |   106 ||   182
